 Dungeon Crawl Stone Soup version 0.29.1-15-g9cfb28693d (webtiles) character file.

Game seed: 11106880983814508851

239 Peloso the Covered (level 5, -2/47 HPs)
             Began as a Minotaur Fighter on Feb 25, 2023.
             Killed from afar by an orc wizard (6 damage)
             ... with a puff of flame
             ... on level 4 of the Dungeon.
             The game lasted 00:04:23 (3153 turns).

Peloso the Covered (Minotaur Fighter)               Turns: 3153, Time: 00:04:23

Health: -2/47      AC: 12    Str: 21    XL:     5   Next: 79%
Magic:  4/4        EV:  4    Int:  5    God:
Gold:   167        SH: 10    Dex: 17    Spells: 4/4 levels left

rFire   . . .      SeeInvis .   a - +0 long sword
rCold   . . .      Faith    .   d - +0 kite shield
rNeg    . . .      Spirit   .   n - +0 plate armour
rPois   .          Reflect  .   (helmet restricted)
rElec   .          Harm     .   (no cloak)
rCorr   .          Rampage  .   (no gloves)
Will    .....                   (no boots)
Stlth   ..........              e - amulet of regeneration
HPRegen 0.95/turn               p - +6 ring of dexterity
MPRegen 0.09/turn               (no ring)

@: no status effects
A: horns 2, retaliatory headbutt
a: no special abilities


You were on level 4 of the Dungeon.
You visited 1 branch of the dungeon, and saw 4 of its levels.

You collected 167 gold pieces.

Inventory:

Hand Weapons
 a - a +0 long sword (weapon)
Armour
 b - a +0 scale mail
 c - a +0 buckler
 d - a +0 kite shield (worn)
 n - a +0 plate armour (worn)
Jewellery
 e - an amulet of regeneration (around neck)
 p - a +6 ring of dexterity (left hand)
Scrolls
 f - a scroll of enchant armour {unknown}
 h - a scroll of enchant weapon
 k - a scroll of identify
 q - a scroll of magic mapping
Potions
 g - 2 potions of curing
 i - a potion of haste {unknown}
 j - 2 potions of might
 l - a potion of cancellation
 m - a potion of heal wounds {unknown}
 o - a potion of attraction {unknown}


   Skills:
 + Level 4.5 Fighting
 + Level 4.6 Long Blades
 + Level 5.5 Armour
 + Level 4.5 Shields


You had 4 spell levels left.
You didn't know any spells.
Your spell library contained the following spells:

 Spells                   Type           Power      Damage    Failure   Level
 Slow                     Hex            0%         N/A       100%        1
 Sublimation of Blood     Necr           0%         N/A       100%        2
 Wereblood                Tmut           0%         N/A       100%        2
 Confusing Touch          Hex            0%         N/A       100%        3
 Vampiric Draining        Necr           0%         2d6       100%        3
 Summon Hydra             Summ           0%         N/A       100%        7


Dungeon Overview and Level Annotations

Branches:
Dungeon (4/15)
 Temple: D:4-7

Altars:
Ashenzari
Dithmenos
Makhleb
Ru
Sif Muna


Innate Abilities, Weirdness & Mutations

You have a pair of horns on your head.
You reflexively headbutt those who attack you in melee.


Message History

Something tries to affect you, but you resist.
You completely miss something. Your headbutt misses something.
Something hits you but does no damage.
You bump into the rock wall.
Something hits you but does no damage.
You bump into the rock wall.
Something hits you but does no damage.
You miss something. Something hits you but does no damage.
You hear some strange, mumbled words.
A puff of flame appears from out of thin air!
The puff of flame hits you but does no damage.
You miss something.
You feel less confused.
You hear some strange, mumbled words.
A puff of flame appears from out of thin air!
The puff of flame misses you.
You miss something. Something hits you but does no damage.
You barely miss something.
You hear some strange, mumbled words.
A puff of flame appears from out of thin air!
The puff of flame hits you!
You hear some strange, mumbled words.
You are confused.
You hit something but do no damage. You headbutt something. Something hits you.
You bump into the rock wall.
Something hits you.
You miss something.
You hear some strange, mumbled words.
A puff of flame appears from out of thin air!
The puff of flame hits you!
The orc priest looks encouraged for a moment.
A magic dart appears from out of thin air!
The magic dart hits you but does no damage.
The orc priest calls down the wrath of Beogh upon you.
Beogh smites you!
* * * LOW HITPOINT WARNING * * *
You bump into the rock wall.
You bump into the rock wall.
You feel less confused.
You hear some strange, mumbled words.
A puff of flame appears from out of thin air!
The puff of flame hits you.
You die...

#.# #........
#.#######........
#....)..'........
#########........
#######.....###
#...........#
#.###########
#.#######
#.....@.#
#######{# #o#
#o#### #oS..#
#....# #....).##[
#.......##
#........#


You could see an orc priest, an adder and 2 orcs.

Vanquished Creatures
  A necrophage (D:4)
  An iguana (D:3)
  An orc wizard (D:4)
  4 adders
  2 dart slugs (D:1)
  8 orcs
  3 endoplasms
  3 giant cockroaches
  6 goblins
  A hobgoblin (D:2)
  4 jackals (D:3)
  5 kobolds
  4 quokkas
  3 ball pythons
  6 bats
  4 frilled lizards
  3 rats
59 creatures vanquished.

Vanquished Creatures (others)
  An orc wizard (D:4)
  6 fungi (D:3)
  6 plants (D:3)
13 creatures vanquished.

Grand Total: 72 creatures vanquished

Notes
Turn   | Place    | Note
-------+----------+-------------------------------------------
     0 | D:1      | Peloso the Minotaur Fighter began the quest for the Orb.
     0 | D:1      | Reached XP level 1. HP: 19/19 MP: 0/0
   446 | D:1      | Reached XP level 2. HP: 27/27 MP: 1/1
   472 | D:1      | Reached skill level 4 in Armour
  1084 | D:2      | Found a broken altar of Ashenzari.
  1268 | D:2      | Reached XP level 3. HP: 33/33 MP: 2/2
  1970 | D:3      | Found a shimmering blue altar of Sif Muna.
  2161 | D:3      | Found a shadowy altar of Dithmenos.
  2387 | D:3      | Reached XP level 4. HP: 32/40 MP: 3/3
  2451 | D:3      | Found a sacrificial altar of Ru.
  2491 | D:3      | Found a burning altar of Makhleb.
  2737 | D:3      | Reached skill level 5 in Armour
  2809 | D:3      | Found a faded altar of an unknown god.
  3052 | D:4      | Noticed a necrophage
  3071 | D:4      | Reached XP level 5. HP: 47/47 MP: 4/4
  3151 | D:4      | HP: 2/47 [orc priest/divine providence (14)]
  3153 | D:4      | Killed from afar by an orc wizard

Illustrated notes

Levels and vault maps discovered:
D:1:      wander_arrival_desolate, layout_loops_corners, minmay_misc_feat_tiny
D:2:      layout_basic, basic_altar
D:3:      layout_loops_corners, mainiacjoe_overflow_boulevard,
          overflow_temple_1_default, mainiacjoe_overflow_24_doors,
          mainiacjoe_overflow_brackets, shapermc_ecumenical_altar_hornbeckon
D:4:      layout_basic, minmay_temple_entry_glassed_door, st_stairs_7,
          minmay_fractal_squares_gapless_5

Skill      XL: |  1  2  3  4  5 |
---------------+----------------+-----
Armour         | 4 5 |  5.5
Fighting       | 4 |  4.5
Long Blades    | 3 4 |  4.6
Shields        | 4 |  4.5

Action                   |  1- 3 |  4- 6 || total
-------------------------+-------+-------++-------
Melee: Long sword        |    72 |   106 ||   178
       Headbutt          |    10 |    14 ||    24
  Use: Scroll            |     5 |     5 ||    10
Armor: Scale mail        |    28 |       ||    28
       Plate armour      |    13 |    77 ||    90
Dodge: Dodged            |    26 |    10 ||    36
Block: Buckler           |    10 |       ||    10
       Kite shield       |    13 |    47 ||    60
